 Dungeon Crawl Stone Soup version 0.28-a0-514-g0d7ab7f379 (webtiles) character file.

Game seed: 4141351123964132729

2312 siradein the Chucker (level 9, -5/88 HPs)
             Began as a Troll Hunter on Sept 23, 2021.
             Was a Follower of Okawaru.
             Killed from afar by Erica (14 damage)
             ... with a lance of force
             ... on level 7 of the Dungeon.
             The game lasted 00:28:16 (7179 turns).

siradein the Chucker (Troll Hunter)                 Turns: 7179, Time: 00:28:16

Health: -5/88      AC: 14    Str: 29 (30) XL:     9   Next: 18%
Magic:  0/9        EV: 11    Int:  7 (9)  God:    Okawaru [*.....]
Gold:   499        SH:  0    Dex: 11 (13) Spells: 8/8 levels left

rFire   . . .      SeeInvis .   A - +1 flail of Ethereal True Grit {protect, Str+8 Int+2}
rCold   . . .      Faith    .   (no shield)
rNeg    . . .      Spirit   +   b - +0 robe
rPois   +          Reflect  .   (helmet restricted)
rElec   .          Harm     .   y - +2 cloak
rCorr   .          Rampage  .   (gloves unavailable)
Will    .....                   (boots unavailable)
Stlth   +.........              a - amulet of guardian spirit
HPRegen 1.24/turn               u - ring of poison resistance
MPRegen 0.11/turn               (no ring)

@: under a protective aura, flying, slowed, very slow
A: large, unfitting armour, claws 3, regeneration 1, shaggy fur 1, tough skin 1
a: Renounce Religion, Heroism


You were on level 7 of the Dungeon.
You worshipped Okawaru.
Okawaru was aware of your devotion.
You visited 1 branch of the dungeon, and saw 8 of its levels.

You collected 499 gold pieces.

Inventory:

Hand Weapons
 A - the +1 flail of Ethereal True Grit (weapon) {protect, Str+8 Int+2}
   (You found it on level 5 of the Dungeon)

   It grants its wielder temporary protection when it strikes (+7 to AC).
   Str:       It affects your strength (+8).
   Int:       It affects your intelligence (+2).
Missiles
 c - 5 large rocks
 d - 2 throwing nets
 g - 150 stones
 q - 19 poisoned darts
 x - 6 javelins
 C - 6 boomerangs (quivered)
 F - 34 sling bullets
 G - 6 boomerangs of dispersal
Armour
 b - a +0 robe (worn)
 y - a +2 cloak (worn)
Jewellery
 a - an amulet of guardian spirit (around neck)
 s - a ring of wizardry
 u - a ring of poison resistance (left claw)
 H - a +6 ring of intelligence
 J - an amulet of reflection
Wands
 m - a wand of polymorph (7)
 z - a wand of digging (7)
Scrolls
 f - a scroll of fear {unknown}
 l - 10 scrolls of identify {unknown}
 n - 2 scrolls of torment {unknown}
 o - 2 scrolls of teleportation {unknown}
 t - a scroll of enchant weapon {unknown}
 B - a scroll of brand weapon {unknown}
 E - a scroll of enchant armour {unknown}
 I - a scroll of noise {unknown}
 K - a scroll of blinking {unknown}
Potions
 e - a potion of attraction {unknown}
 h - 2 potions of curing
 i - a potion of degeneration
 j - a potion of heal wounds {unknown}
 k - a potion of brilliance {unknown}
 p - a potion of cancellation {unknown}
 r - 2 potions of flight
 v - a potion of mutation {unknown}
 w - a potion of resistance {unknown}
 D - a potion of haste {unknown}


   Skills:
 + Level 5.0 Fighting
 + Level 3.4 Maces & Flails
 + Level 6.3 Throwing
 + Level 5.0 Dodging
 - Level 0.3 Stealth
 - Level 3.8 Unarmed Combat
 + Level 2.3 Invocations
 + Level 2.0 Evocations


You had 8 spell levels left.
You didn't know any spells.
Your spell library contained the following spells:

 Spells                   Type           Power      Damage    Failure   Level
 Corpse Rot               Necr/Air       N/A        N/A       56%         2
 Dispel Undead            Necr           0%         3d6       99%         4
 Orb of Destruction       Conj           0%         N/A       100%        7
 Summon Guardian Golem    Hex/Summ       Unusable   N/A       N/A         3
 Death Channel            Necr           Unusable   N/A       N/A         6
 Spellforged Servitor     Conj/Summ      Unusable   N/A       N/A         7

Dungeon Overview and Level Annotations

Branches:
Dungeon (8/15)             Temple (0/1) D:6
   Lair: D:8-11

Altars:
Ashenzari
Cheibriados
Dithmenos
Makhleb
Nemelex Xobeh
Okawaru
Qazlal
Ru
Trog

Shops:
D:7 *

Annotations:
D:7 Erica


Innate Abilities, Weirdness & Mutations

You are too large for most types of armour.
You have claws for hands.
Your natural rate of healing is unusually fast.
You are covered in fur. (AC +1)
You have tough skin. (AC +1)


Message History

There is a stone staircase leading down, spattered with blood here.
Deactivating autopickup; reactivate with Ctrl-A.
You sock something!
Your weapon exudes an aura of protection.
Something hits you!
* * * LOW HITPOINT WARNING * * *
Something burns you.
* * * LOW HITPOINT WARNING * * *
The kobold hits you but does no damage. Something hits you.
* * * LOW HITPOINT WARNING * * *
Something burns you.
* * * LOW HITPOINT WARNING * * *
The kobold hits you but does no damage.
Unknown command.
It was a potion of degeneration.
There was something very wrong with that liquid.
You feel weakened.
You feel dopey.
You feel clumsy. Something hits you but does no damage.
The kobold hits you but does no damage. Something hits you.
* * * LOW HITPOINT WARNING * * *
Something burns you.
* * * LOW HITPOINT WARNING * * *
It was a potion of flight.
You feel very buoyant.
You fly up into the air.
The kobold hits you with a +2 vampiric dagger.
* * * LOW HITPOINT WARNING * * *
Something hits you but does no damage.
The kobold hits you with a +2 vampiric dagger.
* * * LOW HITPOINT WARNING * * *
Okay, then.
You hit something.
Your weapon exudes an aura of protection.
You hear some strange, mumbled words.
A bolt of poison appears from out of thin air!
The bolt of poison misses you. The kobold hits you but does no damage.
You hear some strange, mumbled words.
A lance of force appears from out of thin air!
The lance of force hits you!
You die...

#........#.
#........#.
#........#.
#........#.
#........#.
#........#.
########........#.
#K(............##.
#@)............#..
#.{............#..
#..............#..
#..............##.
###'#############.
#................
#................
#................
#################


You could see a kobold.

Vanquished Creatures
  Eustachio (D:5)
  A steam dragon (D:7)
  Menkaure (D:5)
  A sky beast (D:7)
  2 ogres
  A centaur (D:5)
  A kobold brigand (D:7)
  A bullfrog (D:5)
  A wyvern zombie (D:6)
  2 scorpions
  A water moccasin zombie (D:7)
  3 killer bees (D:7)
  5 wights (D:7)
  3 howler monkeys
  3 hounds
  2 jellies
  8 orc priests
  2 iguanas (D:5)
  Ijyb (D:5)
  Terence (D:2)
  3 orc wizards
  A hound zombie (D:5)
  A mummy (D:4)
  5 gnolls
  3 adders
  A shadow imp (D:8)
  An adder skeleton (D:4)
  2 worms
  2 dart slugs
  18 orcs
  5 ball pythons
  5 endoplasms
  3 giant cockroaches
  6 hobgoblins
  8 jackals
  11 kobolds
  7 quokkas
  6 bats
  3 frilled lizards
  6 goblins
  4 rats
142 creatures vanquished.

Vanquished Creatures (others)
  A plant (D:8)
1 creature vanquished.

Grand Total: 143 creatures vanquished

Notes
Turn   | Place    | Note
-------+----------+-------------------------------------------
     0 | D:1      | siradein the Troll Hunter began the quest for the Orb.
     0 | D:1      | Reached XP level 1. HP: 19/19 MP: 0/0
   151 | D:1      | Reached XP level 2. HP: 19/28 MP: 1/1
   201 | D:1      | Reached skill level 1 in Unarmed Combat
   374 | D:1      | Reached XP level 3. HP: 35/35 MP: 2/2
  1141 | D:2      | Noticed Terence
  1191 | D:2      | Killed Terence
  1192 | D:2      | Reached skill level 4 in Throwing
  1192 | D:2      | Reached XP level 4. HP: 33/42 MP: 3/3
  1862 | D:3      | Reached XP level 5. HP: 49/50 MP: 4/4
  2067 | D:3      | Found a faded altar of an unknown god.
  2223 | D:3      | Reached XP level 6. HP: 39/59 MP: 2/5
  2786 | D:3      | Found a sparkling altar of Nemelex Xobeh.
  3021 | D:4      | Found a bloodstained altar of Trog.
  3056 | D:4      | Found a snail-covered altar of Cheibriados.
  3138 | D:4      | Found a sacrificial altar of Ru.
  3691 | D:4      | You fall into a shaft and drop 1 floor!
  3691 | D:5      | Entered Level 5 of the Dungeon
  4108 | D:5      | Reached skill level 5 in Throwing
  4108 | D:5      | Reached XP level 7. HP: 60/67 MP: 4/6
  4162 | D:5      | Found a shadowy altar of Dithmenos.
  4172 | D:5      | Found a stormy altar of Qazlal.
  4241 | D:5      | Noticed Ijyb
  4258 | D:5      | Killed Ijyb
  4300 | D:5      | Identified the +1 flail of Ethereal True Grit {protect,
                  | Str+8 Int+2}
  4364 | D:5      | Noticed Eustachio
  4379 | D:5      | Killed Eustachio
  4446 | D:5      | Reached skill level 1 in Maces & Flails
  4492 | D:5      | Noticed Menkaure
  4830 | D:5      | Reached XP level 8. HP: 78/78 MP: 7/7
  4838 | D:5      | Killed Menkaure
  4879 | D:5      | Found an iron altar of Okawaru.
  4888 | D:5      | Became a worshipper of Warmaster Okawaru
  4985 | D:6      | Found a staircase to the Ecumenical Temple.
  5177 | D:6      | Found a broken altar of Ashenzari.
  5688 | D:7      | Reached skill level 1 in Invocations
  5776 | D:7      | Reached skill level 1 in Evocations
  5793 | D:7      | Reached skill level 6 in Throwing
  5926 | D:7      | Reached * piety under Okawaru
  6263 | D:7      | Reached XP level 9. HP: 87/87 MP: 9/9
  6383 | D:7      | Found a burning altar of Makhleb.
  6457 | D:7      | Found Biolilay's Assorted Antiques.
  6548 | D:7      | Reached skill level 5 in Fighting
  6927 | D:8      | Noticed Erica
  7153 | D:7      | Reached skill level 5 in Dodging
  7179 | D:7      | Killed from afar by Erica

Illustrated notes

Levels and vault maps discovered:
D:1:      minmay_arrival_plants_in_alcoves, layout_basic
D:2:      layout_basic, uniq_terence
D:3:      layout_loops_corners, marbit_many_paths,
          hellmonk_ecumenical_altar_prayer_group
D:4:      layout_loops_corners, slow_altar_2, mainiacjoe_overflow_paths,
          kennysheep_little_box
D:5:      layout_gridville, mainiacjoe_overflow_boulevard, minitemple,
          uniq_ijyb, uniq_menkaure, uniq_eustachio
D:6:      layout_basic, mainiacjoe_overflow_chevrons, minmay_temple_entry_glass,
          minmay_misc_feat_tower
D:7:      layout_gridville, makhleb_heckhound_becter, serial_shops,
          nicolae_shop_overgrown_old_shop, lemuel_flame_loot_1
D:8:      layout_basic, erik_lair_orcish_takeover, biasface_ghost_orc_armoury,
          uniq_erica

Skill      XL: |  1  2  3  4  5  6  7  8  9 |
---------------+----------------------------+-----
Unarmed Combat | 1 2 3 |  3.8
Fighting       | 2 3 4 5 |  5.0
Dodging        | 2 3 4 5 |  5.0
Throwing       | 4 5 6 |  6.3
Maces & Flails | 1 3 |  3.4
Invocations    | 2 |  2.3
Evocations     | 1 2 |  2.0
Stealth        | |  0.3

Action                   |  1- 3 |  4- 6 |  7- 9 || total
-------------------------+-------+-------+-------++-------
Melee: Unarmed           |    84 |   196 |    16 ||   296
       Punch             |       |     2 |     5 ||     7
       Flail             |       |       |   264 ||   264
Throw: Dart              |       |       |    11 ||    11
       Javelin           |       |       |     4 ||     4
       Boomerang         |       |       |     5 ||     5
Invok: Heroism           |       |       |     1 ||     1
  Use: Potion            |       |       |     3 ||     3
 Stab: Sleeping          |     1 |     1 |       ||     2
Armor: Robe              |    24 |    56 |   170 ||   250
Dodge: Dodged            |    38 |    88 |   195 ||   321

Table legend: (Time is in decaauts)
 A = Elapsed time spent in this place.
 B = Non-inter-level travel time spent in this place.
 C = Inter-level travel time spent in this place.
 D = Time resting spent in this place.
 E = Time spent auto-exploring this place.
 F = Levels seen in this place.
 G = Mean time per level.
                   A        B        C        D        E       F      G
               +--------+--------+--------+--------+--------+-----+--------+
         Total |   7245 |   7059 |    186 |    267 |   5300 |   8 |  905.6 |
       Dungeon |   7245 |   7059 |    186 |    267 |   5300 |   8 |  905.6 |
               +--------+--------+--------+--------+--------+-----+--------+

Top non-repeatable levels by time:
     D:7: 1529 daAuts
     D:5: 1106 daAuts
     D:3: 1089 daAuts
     D:1: 1062 daAuts
     D:4: 1039 daAuts
     D:2: 662 daAuts
     D:6: 629 daAuts
     D:8: 127 daAuts
